 Dungeon Crawl Stone Soup version 0.25-a0-578-gc91f01c39c (webtiles) character file.

Game seed: 12755307067042279039, levelgen mode: deterministic

114 Esekla the Charlatan (level 4, 18/22 HPs)
             Began as a Spriggan Artificer on Mar 6, 2020.
             Was a Follower of Qazlal.
             Got out of the dungeon alive.
             The game lasted 00:11:39 (2257 turns).

Esekla the Charlatan (Spriggan Artificer)           Turns: 2257, Time: 00:11:40

Health: 18/22      AC:  2    Str:  8    XL:     4   Next: 66%
Magic:  8/8        EV: 20    Int: 13    God:    Qazlal [*.....]
Gold:   187        SH:  2    Dex: 16    Spells: 3/3 levels left

rFire    . . .     SeeInvis +   k - +1 dagger (venom)
rCold    . . .     Gourm    .   (shield restricted)
rNeg     . . .     Faith    .   b - +0 robe
rPois    .         Spirit   .   (helmet restricted)
rElec    .         Reflect  .   (no cloak)
rCorr    .         Harm     .   (gloves unavailable)
MR       .....                  (boots unavailable)
Stlth    ++........             (no amulet)
HPRegen  0.07/turn              (no ring)
MPRegen  0.11/turn              (no ring)

@: very quick
A: very small, unfitting armour, see invisible, herbivore, speed 3, slow
metabolism 2
a: Renounce Religion


You escaped.
You worshipped Qazlal.
Qazlal was aware of your devotion.
You were not hungry.

You visited 1 branch of the dungeon, and saw 3 of its levels.

You collected 187 gold pieces.

Inventory:

Hand Weapons
 k - a +1 dagger of venom (weapon)
 p - a +2 dagger of speed
Armour
 b - a +0 robe (worn)
 q - a +0 leather armour
 r - a +0 leather armour
Wands
 c - a wand of flame (15)
 d - a wand of enslavement (15)
 e - a wand of random effects (15)
Scrolls
 g - 2 scrolls of identify
 h - 5 scrolls of teleportation {unknown}
 j - a scroll of fog {unknown}
 m - a scroll of fear {unknown}
 n - a scroll of blinking {unknown}
Potions
 a - 2 potions of curing
 i - a potion of heal wounds
 l - a potion of mutation
 o - a potion of lignification
Comestibles
 f - 5 rations


   Skills:
 + Level 1.1 Fighting
 + Level 2.5 Short Blades
 + Level 4.4 Dodging
 + Level 3.2 Stealth
 + Level 5.0 Evocations


You had 3 spell levels left.
You didn't know any spells.
Your spell library was empty.

Dungeon Overview and Level Annotations

Branches:
Dungeon (3/15)

Altars:
Cheibriados
Qazlal


Innate Abilities, Weirdness & Mutations

You are very small and have problems with some larger weapons.
You are too small for most types of armour.
You have supernaturally acute eyesight. (SInv)
You are a herbivore.
You cover ground extremely quickly.
You need to consume almost no food.


Message History

You kill the rat!
Qazlal accepts your kill.
Found a war axe.
You see here a war axe.
Found a stone staircase leading down.
There is a stone staircase leading up here.
You climb upwards.
There is a stone staircase leading down here.
(D) Dungeon
Where to? (? - help)
There is a stone staircase leading up here.
You climb upwards.
There is a stone staircase leading down here.
You see here 22 arrows.
You see here a leather armour.
r - a leather armour
There is a staircase leading out of the dungeon here.
There is a staircase leading out of the dungeon here.
Are you sure you want to leave the Dungeon?
This will make you lose the game!
You have escaped!

.....##.### #..# #.#
##. .###....#######
#.## #.# #..
........##.(..#######.#
#.# #.#
.###.##.......#.......#
#.####.#
.##..#................#
#......#
.......##.#.#.........#
###..###
...######.#.......⌠...#
#..# # ...#
#.#...........# ###.# #
...# #.#...∩§@^....#
#..># # ...#
#.#...........# #.#.# #
.#.# #.........⌠...#
#.#)# # .#.##
###..........## ##.#.#
# ....# ####........##
##..#.# #
#...#####...........#
#..##.# #
#.#.>.[...###...#.###
##.###.### #.####.)..#
###.#.## #.........
..##...#.## #..(.##
#.#.......


There were no monsters in sight!

Vanquished Creatures
  An orc wizard (D:3)
  An adder (D:3)
  2 worms (D:2)
  5 dart slugs
  A leopard gecko (D:2)
  7 orcs (D:3)
  5 goblins
  7 hobgoblins
  2 jackals (D:1)
  4 kobolds
  2 quokkas (D:2)
  3 bats
  5 frilled lizards (D:1)
  A jackal skeleton (D:3)
  7 rats
53 creatures vanquished.

Notes
Turn   | Place    | Note
-------+----------+-------------------------------------------
     0 | D:1      | Esekla the Spriggan Artificer began the quest for the Orb.
     0 | D:1      | Reached XP level 1. HP: 9/9 MP: 4/4
    54 | D:1      | Reached skill level 1 in Fighting
   383 | D:1      | Reached XP level 2. HP: 14/14 MP: 6/6
  1045 | D:2      | Reached XP level 3. HP: 17/18 MP: 7/7
  1069 | D:2      | Found a snail-covered altar of Cheibriados.
  1097 | D:2      | Reached skill level 5 in Evocations
  1588 | D:3      | Found a faded altar of an unknown god.
  1663 | D:3      | Became a worshipper of Qazlal Stormbringer
  1663 | D:3      | Reached * piety under Qazlal
  1733 | D:3      | Reached XP level 4. HP: 5/22 MP: 8/8
  2257 | D:$      | Got out of the dungeon alive.

Levels and vault maps discovered:
D:1:      wander_arrival_desolate, layout_rooms, chequers_jeans,
          minmay_lizard_pond
D:2:      layout_basic, nicolae_overflow_hidden_temple, first_ration
D:3:      layout_loops_ring, chequers_ecumenical_altar_simple_redux,
          chequers_serial_rivers_micro_a, dk_yredelemnul_ordeal

Skill      XL: |  1  2  3  4 |
---------------+-------------+-----
Fighting       | 1 |  1.1
Evocations     | 5 |  5.0
Dodging        | 4 |  4.4
Stealth        | 2 3 |  3.2
Short Blades   | 2 |  2.5

Action                   |  1- 3 |  4- 6 || total
-------------------------+-------+-------++-------
Melee: Short sword       |    18 |       ||    18
       Dagger            |    96 |    39 ||   135
  Use: Scroll            |     4 |       ||     4
 Stab: Sleeping          |     5 |       ||     5
Armor: Robe              |     8 |     5 ||    13
Dodge: Dodged            |    70 |    39 ||   109
Block: Other             |       |     5 ||     5

Table legend:
 A = Non-vault XP
 B = Vault XP
 C = Vault XP percentage of total XP
 D = Non-vault monster count
 E = Vault monster count
 F = Vault count percentage of total count
                 A         B        C        D         E       F
            +---------+---------+-------+---------+---------+-------
      Total |     158 |       5 |   3.1 |      48 |       5 |   9.4
            +---------+---------+-------+---------+---------+-------
        D:1 |      32 |       4 |  11.1 |      15 |       4 |  21.1
        D:2 |      43 |       0 |   0.0 |      19 |       0 |   0.0
        D:3 |      83 |       1 |   1.2 |      14 |       1 |   6.7
            +---------+---------+-------+---------+---------+-------
